 Dungeon Crawl Stone Soup version 0.21-a0-496-g696f58f (webtiles) character file.

4399 slep the Protected (level 10, -15/86 HPs)
             Began as a Minotaur Gladiator on Nov 24, 2017.
             Was an Elder of Okawaru.
             Demolished by a two-headed ogre
             ... wielding a +0 giant club
              (20 damage)
             ... on level 8 of the Dungeon.
             The game lasted 00:44:59 (7360 turns).

slep the Protected (Minotaur Gladiator)             Turns: 7360, Time: 00:44:59

Health: -15/86     AC: 12    Str: 22    XL:     10   Next: 13%
Magic:  9/9        EV: 10    Int:  5    God:    Okawaru [****..]
Gold:   405        SH:  3    Dex: 12    Spells: 9/9 levels left

rFire    + . .     SeeInvis .   N - +2 falchion (curse)
rCold    . . .     Gourm    .   Y - +0 buckler
rNeg     . . .     Faith    .   t - +0 chain mail {rPois}
rPois    +         Spirit   .   (helmet unavailable)
rElec    .         Reflect  .   (no cloak)
rCorr    .         Harm     .   (no gloves)
MR       .....                  b - +0 pair of boots
Stlth    ..........             j - amulet of regeneration
HPRegen  0.64/turn              (no ring)
MPRegen  0.11/turn              c - ring of protection from fire

@: no status effects
A: retaliatory headbutt, hooves 1, horns 3, blurry vision 1
a: Heroism, Renounce Religion


You were on level 8 of the Dungeon.
You worshipped Okawaru.
Okawaru was greatly pleased with you.
You were not hungry.

You visited 1 branch of the dungeon, and saw 8 of its levels.
You also visited: Sewer and Ossuary.

You collected 405 gold pieces.

Inventory:

Hand Weapons
 p - a +1 whip of electrocution
 x - a +3 spear
 y - a +1 blowgun
 N - a cursed +2 falchion (weapon)
Missiles
 d - a throwing net
 g - 2 needles of paralysis
 n - 37 poisoned needles
 E - 9 tomahawks (quivered)
Armour
 b - a +0 pair of boots (worn)
 t - a +0 chain mail of poison resistance (worn)
 W - a +1 hat
 Y - a +0 buckler (worn)
Jewellery
 c - a ring of protection from fire (right hand)
 j - an amulet of regeneration (around neck)
 q - an uncursed ring of poison resistance
 C - an uncursed amulet of guardian spirit
 S - a +2 ring of evasion
Wands
 F - a wand of polymorph (33)
 O - a wand of digging (3)
 Z - a wand of iceblast (17)
Scrolls
 e - 5 scrolls of identify
 i - 6 scrolls of remove curse
 l - 10 scrolls of teleportation
 B - a scroll of magic mapping
 H - 2 scrolls of noise {unknown}
 L - 2 scrolls of fear {unknown}
 P - 4 scrolls of random uselessness {unknown}
 Q - a scroll of fog {unknown}
 R - a scroll of summoning {unknown}
 U - a scroll of blinking
 X - 4 scrolls of immolation {unknown}
Potions
 k - 7 potions of heal wounds
 o - 3 potions of flight
 r - a potion of lignification
 u - 3 potions of curing
 v - 2 potions of brilliance
 A - 2 potions of resistance
 D - a potion of invisibility
 I - 2 potions of agility
 K - 4 potions of degeneration {unknown}
 M - 2 potions of ambrosia {unknown}
 T - a potion of haste {unknown}
Comestibles
 a - 5 chunks of flesh
 f - 5 bread rations
 h - 5 royal jellies
 m - 4 meat rations
 w - 9 fruits


   Skills:
 + Level 7.4 Fighting
 + Level 7.5 Long Blades
 + Level 8.8 Maces & Flails
 + Level 2.4 Polearms
 + Level 3.4 Throwing
 + Level 9.2 Armour
 + Level 5.8 Dodging
 + Level 1.0 Stealth
 + Level 0.8 Shields
 + Level 0.6 Unarmed Combat


You had 9 spell levels left.
You didn't know any spells.

Dungeon Overview and Level Annotations

Branches:
Dungeon (8/15)             Temple (0/1) D:7            Lair (0/6) D:8

Altars:
Cheibriados
Gozag
Makhleb
Nemelex Xobeh
Okawaru
Qazlal
Uskayaw
Xom
Zin
The Shining One

Shops:
D:8 *


Innate Abilities, Weirdness & Mutations

You reflexively headbutt those who attack you in melee.
You have a pair of large horns on your head.
You have large cloven feet.
Scrolls take you a little longer to read.


Message History

You headbutt the two-headed ogre, but do no damage.
The two-headed ogre is lightly wounded.
The two-headed ogre hits you with a giant club! x2
You hit the two-headed ogre. You headbutt the two-headed ogre!
The two-headed ogre is moderately wounded.
You hit the two-headed ogre but do no damage.
You headbutt the two-headed ogre.
The two-headed ogre is moderately wounded.
The two-headed ogre hits you with a giant club!
* * * LOW HITPOINT WARNING * * *
The two-headed ogre barely misses you.
Throwing (i - inventory. (,) - cycle):
E - 10 tomahawks (quivered)
Press: ? - help, Shift-Dir - straight line, f - two-headed ogre
Aim: a two-headed ogre, wielding two giant clubs (moderately wounded)
You throw a tomahawk.
The tomahawk completely misses the two-headed ogre.
The two-headed ogre hits you with a giant club!!
* * * LOW HITPOINT WARNING * * *
The two-headed ogre hits you with a giant club!!
You die...

# # # # ###########
# #.........# #
#.#######.# # #.#
#.# . #@# #.# ####
#O# #.# #... #.#
#.# #.##
..#######.# #.#
...........#####.#
###...............#
#.###############
#(# #.#


You could see a two-headed ogre.

Vanquished Creatures
  2 two-headed ogres
  A hippogriff (D:4)
  3 wargs
  A water moccasin (D:6)
  An ice beast (D:6)
  Purgy (Sewer)
  2 sky beasts
  2 phantoms
  A centaur (D:6)
  3 bullfrogs
  3 scorpions
  4 wights (D:7)
  2 howler monkeys (D:6)
  3 crimson imps
  2 centaur zombies
  A jelly (D:6)
  A hound (D:8)
  6 orc priests
  A centaur skeleton (D:8)
  Terence (D:2)
  Ijyb (D:4)
  An iguana (D:7)
  8 orc wizards
  2 worker ants
  2 hound skeletons
  13 mummies (Ossuary)
  A worker ant zombie (D:8)
  6 gnolls
  13 adders
  An ooze (D:4)
  An adder skeleton (D:4)
  An adder zombie (D:7)
  2 worms (D:2)
  3 dart slugs
  4 leopard geckos
  38 orcs
  A ball python (D:5)
  4 giant cockroaches (D:5)
  9 goblins
  9 hobgoblins
  4 jackals
  4 quokkas
  6 bats
  8 frilled lizards
  A gnoll skeleton (Ossuary)
  8 kobolds
  A leopard gecko zombie (D:6)
  7 orc skeletons (Ossuary)
  A quokka skeleton (D:6)
  6 rats
  11 rat skeletons (Ossuary)
218 creatures vanquished.

Notes
Turn   | Place    | Note
-------+----------+-------------------------------------------
     0 | D:1      | slep the Minotaur Gladiator began the quest for the Orb.
     0 | D:1      | Reached XP level 1. HP: 18/18 MP: 0/0
   519 | D:1      | Reached XP level 2. HP: 24/25 MP: 1/1
   648 | D:2      | HP: 1/25 [poisoned by an adder]
   655 | D:2      | Reached XP level 3. HP: 21/30 MP: 2/2
  1081 | D:2      | Reached XP level 4. HP: 23/38 MP: 3/3
  1097 | D:2      | Reached skill level 1 in Armour
  1282 | D:2      | Reached skill level 5 in Long Blades
  1286 | D:2      | Noticed Terence
  1326 | D:2      | Killed Terence
  1326 | D:2      | Reached skill level 1 in Maces & Flails
  1368 | D:2      | Reached XP level 5. HP: 24/45 MP: 4/4
  2366 | D:4      | Reached skill level 2 in Armour
  2501 | D:4      | Noticed a hippogriff
  2510 | D:4      | Killed a hippogriff
  2510 | D:4      | Reached skill level 3 in Armour
  2510 | D:4      | Reached XP level 6. HP: 28/52 MP: 5/5
  2533 | D:4      | Noticed Ijyb
  2563 | D:4      | Killed Ijyb
  2572 | D:4      | Found an iron altar of Okawaru.
  2580 | D:4      | Became a worshipper of Warmaster Okawaru
  2631 | D:4      | Found a sand-covered staircase.
  2656 | Ossuary  | Entered an ossuary
  2732 | Ossuary  | Reached XP level 7. HP: 59/59 MP: 6/6
  2884 | Ossuary  | Reached skill level 4 in Armour
  3118 | D:4      | Reached skill level 5 in Maces & Flails
  3500 | D:5      | Entered Level 5 of the Dungeon
  3530 | D:5      | Found a glowing golden altar of the Shining One.
  3598 | D:5      | Found a burning altar of Makhleb.
  3600 | D:5      | Found a stormy altar of Qazlal.
  3669 | D:5      | Found a glowing drain.
  3691 | Sewer    | Entered a sewer
  3708 | Sewer    | Noticed Purgy
  3712 | Sewer    | Killed Purgy
  3712 | Sewer    | Reached * piety under Okawaru
  3995 | D:5      | Found a glowing silver altar of Zin.
  4308 | D:6      | Reached skill level 5 in Armour
  4356 | D:6      | Reached skill level 5 in Dodging
  4356 | D:6      | Reached XP level 8. HP: 48/67 MP: 7/7
  4357 | D:6      | Found a snail-covered altar of Cheibriados.
  4382 | D:6      | Reached skill level 5 in Fighting
  4688 | D:6      | Found a hide-covered altar of Uskayaw.
  4748 | D:6      | Gained mutation: You are clumsy. (Dex -2) [mutagenic meat]
  4759 | D:6      | Reached skill level 6 in Armour
  4853 | D:6      | Reached ** piety under Okawaru
  5430 | D:7      | Reached skill level 7 in Armour
  5572 | D:7      | Reached XP level 9. HP: 69/75 MP: 8/8
  5771 | D:7      | Found a staircase to the Ecumenical Temple.
  5781 | D:7      | Noticed a two-headed ogre
  5923 | D:7      | Killed a two-headed ogre
  5923 | D:7      | Reached skill level 1 in Polearms
  5923 | D:7      | Reached skill level 8 in Armour
  6016 | D:7      | Found an opulent altar of Gozag.
  6017 | D:7      | Found a sparkling altar of Nemelex Xobeh.
  6108 | D:7      | Found a shimmering altar of Xom.
  6271 | D:7      | Reached *** piety under Okawaru
  6940 | D:8      | Noticed a two-headed ogre
  6955 | D:8      | Killed a two-headed ogre
  6955 | D:8      | Reached **** piety under Okawaru
  6955 | D:8      | Reached skill level 9 in Armour
  6955 | D:8      | Reached skill level 1 in Stealth
  6955 | D:8      | Reached XP level 10. HP: 37/86 MP: 9/9
  6962 | D:8      | Found Weuciuv's Whimsical Warehouse.
  7081 | D:8      | Received a gift from Okawaru
  7185 | D:8      | Lost mutation: You are clumsy. (Dex -2) [potion of mutation]
  7185 | D:8      | Gained mutation: You have large cloven feet. [potion of mutation]
  7185 | D:8      | Gained mutation: Scrolls take you a little longer to read. [potion of mutation]
  7185 | D:8      | Gained mutation: You have a pair of large horns on your head. [potion of mutation]
  7206 | D:8      | Found a staircase to the Lair.
  7350 | D:8      | Noticed a two-headed ogre
  7360 | D:8      | Demolished by a two-headed ogre

Vault maps used:
D:1:      ncdulo_halloftheorcs
D:2:      kennysheep_generic_room_9, uniq_terence
D:3:      first_bread, hex_tiny, roderic_serpentine_path
D:4:      kennysheep_okawaru_gauntlet, nicolae_ossuary_entry_false_entrances,
          uniq_ijyb
D:5:      tso_metal_star, overflow_temple_1_default, lemuel_crystal_altar,
          zin_scriptorium, portal_sewer_entry_b
D:6:      eat_drink_and_be_merry_uskayaw, basic_altar
D:7:      grunt_temple_overflow_opulence, lemuel_round_altar,
          minmay_temple_entry_trees
D:8:      erik_lair_orcish_takeover, nicolae_alphabet_shops
Sewer:    kennysheep_door_sewer
Ossuary:  ossuary_due_small_catacomb

Skill      XL: |  1  2  3  4  5  6  7  8  9 |
---------------+----------------------------+-----
Long Blades    | 4 5 7 |  7.5
Dodging        | 4 5 |  5.8
Fighting       | 3 4 5 7 |  7.4
Armour         | 1 3 5 7 9 |  9.2
Maces & Flails | 1 3 4 6 8 |  8.8
Polearms       | 2 |  2.4
Throwing       | 3 |  3.4
Stealth        | 1 |  1.0
Shields        | |  0.8
Unarmed Combat | |  0.6

Action                   |  1- 3 |  4- 6 |  7- 9 | 10-12 || total
-------------------------+-------+-------+-------+-------++-------
Melee: Long sword        |    58 |     5 |    55 |       ||   118
       Headbutt          |    13 |    24 |    72 |    17 ||   126
       Whip              |       |   148 |   201 |       ||   349
       Unarmed           |       |    20 |       |       ||    20
       Spear             |       |     4 |     8 |       ||    12
       Punch             |       |       |     1 |       ||     1
       Falchion          |       |       |    97 |    49 ||   146
 Fire: Blowgun           |       |       |     5 |       ||     5
Throw: Throwing net      |     1 |       |     3 |     1 ||     5
       Tomahawk          |       |       |     3 |     4 ||     7
  Use: Potion            |     1 |     1 |       |     1 ||     3
       Scroll            |       |       |     9 |     6 ||    15
  Eat: Chunk             |       |     6 |    15 |     1 ||    22
Armor: Leather armour    |    11 |     1 |       |       ||    12
       Scale mail        |       |    35 |    79 |    17 ||   131
Dodge: Dodged            |    34 |   112 |   162 |    22 ||   330
Block: Buckler           |       |       |    14 |     9 ||    23
       Rpst.: Long sword |    10 |     1 |    10 |       ||    21
       Falchion          |       |       |     9 |     6 ||    15

Table legend:
 A = Spawn XP
 B = Non-spawn XP
 C = Spawn XP percentage of total XP
 D = Spawn monster count
 E = Non-spawn monster count
 F = Spawn count percentage of total count
 G = Total turns spent on level
                    A         B        C        D         E        F      G
               +---------+---------+-------+---------+---------+-------+---------
         Total |       0 |    6285 |   0.0 |       0 |     218 |   0.0 |  7360
               +---------+---------+-------+---------+---------+-------+---------
           D:1 |       0 |      12 |   0.0 |       0 |       9 |   0.0 |   618
           D:2 |       0 |     190 |   0.0 |       0 |      28 |   0.0 |  1093
           D:3 |       0 |      82 |   0.0 |       0 |      25 |   0.0 |   647
           D:4 |       0 |     555 |   0.0 |       0 |      26 |   0.0 |   833
           D:5 |       0 |      96 |   0.0 |       0 |      17 |   0.0 |   656
           D:6 |       0 |    1148 |   0.0 |       0 |      20 |   0.0 |  1096
           D:7 |       0 |    1888 |   0.0 |       0 |      26 |   0.0 |  1239
           D:8 |       0 |    1921 |   0.0 |       0 |      29 |   0.0 |   725
         Sewer |       0 |     148 |   0.0 |       0 |       6 |   0.0 |   144
       Ossuary |       0 |     245 |   0.0 |       0 |      32 |   0.0 |   309
               +---------+---------+-------+---------+---------+-------+---------
